 Dungeon Crawl Stone Soup version 0.29-a0-333-gb4c28e87c6 (webtiles) character file.

Game seed: 2083393282537573023

21 Jortsu the Skirmisher (level 2, 4/24 HPs)
             Began as a Demonspawn Fighter on Apr 13, 2022.
             Quit the game on level 1 of the Dungeon.
             The game lasted 00:00:19 (114 turns).

Jortsu the Skirmisher (Demonspawn Fighter)           Turns: 114, Time: 00:00:19

Health: 4/24       AC:  6    Str: 16    XL:     2   Next: 62%
Magic:  2/2        EV:  8    Int:  9    God:
Gold:   13         SH:  4    Dex: 12    Spells: 1/1 levels left

rFire   . . .      SeeInvis .   a - +0 war axe
rCold   . . .      Faith    .   c - +0 buckler
rNeg    . . .      Spirit   .   b - +0 scale mail
rPois   .          Reflect  .   (no helmet)
rElec   .          Harm     .   (no cloak)
rCorr   .          Rampage  .   (no gloves)
Will    .....                   (no boots)
Stlth   ..........              (no amulet)
HPRegen 0.08/turn               (no ring)
MPRegen 0.08/turn               (no ring)

@: no status effects
A: powered by pain 1
a: no special abilities


You were on level 1 of the Dungeon.
You visited 1 branch of the dungeon, and saw 1 of its levels.

You collected 13 gold pieces.

Inventory:

Hand Weapons
 a - a +0 war axe (weapon)
Armour
 b - a +0 scale mail (worn)
 c - a +0 buckler (worn)
Potions
 d - a potion of might
 e - a potion of haste {unknown}


   Skills:
 + Level 3.2 Fighting
 + Level 2.1 Axes
 + Level 3.0 Armour
 + Level 2.9 Shields


You had one spell level left.
You didn't know any spells.
Your spell library was empty.

Dungeon Overview and Level Annotations

Branches:
Dungeon (1/15)

Altars:


Innate Abilities, Weirdness & Mutations

You sometimes gain a little power by taking damage.


Message History

You hit the gnoll.
The gnoll is lightly wounded.
You barely miss the goblin. The goblin barely misses you.
The gnoll hits you with a +0 flail.
You completely miss the gnoll.
The gnoll is lightly wounded.
You closely miss the goblin. The goblin barely misses you.
A kobold comes into view. It is wielding a +0 short sword.
The gnoll hits you but does no damage. The goblin barely misses you.
You block the gnoll's attack. The ball python closely misses you.
The ball python grabs you. The ball python constricts you.
You slash the gnoll!
The gnoll is severely wounded.
You hit the ball python.
You kill the ball python!
You closely miss the goblin. You hit the hobgoblin.
The goblin barely misses you. The gnoll hits you with a +0 flail!
* * * LOW HITPOINT WARNING * * *
The hobgoblin barely misses you.
You hit the gnoll.
You kill the gnoll!
You hit the hobgoblin.
You kill the hobgoblin!
You barely miss the goblin. You hit the goblin.
You kill the goblin!
The goblin hits you with a +0 club.
* * * LOW HITPOINT WARNING * * *
The kobold throws a stone.
The stone hits you but does no damage. The goblin completely misses you.
The goblin hits you with a +0 club.
* * * LOW HITPOINT WARNING * * *
Your Axes skill increases to level 2!
You have reached level 2!
Your demonic ancestry asserts itself...
You feel energised by your suffering.
You slash the goblin!
You kill the goblin!
You slash the goblin!
You kill the goblin!
Your Armour skill increases to level 3!
Are you sure you want to abandon this character and quit the game? (Confirm with "yes".)

#≈## #.......# .
##########...$...# ..
...##...##.......## )..
...##...##........#...
........##...........
.................#
.......##.....$[.#
....#..##.......†##
....#..##...##.)@.#
....##.....#####)).K.#
...................#....
...................# ...
...#...###........... ..
.....#.# ###...###...
.....#.. ##..# ....
........ ....# .....
........ ...


You could see a kobold.

Vanquished Creatures
  A gnoll (D:1)
  2 endoplasms (D:1)
  4 goblins (D:1)
  A hobgoblin (D:1)
  2 ball pythons (D:1)
  A rat (D:1)
11 creatures vanquished.

Notes
Turn   | Place    | Note
-------+----------+-------------------------------------------
     0 | D:1      | Jortsu the Demonspawn Fighter began the quest for the Orb.
     0 | D:1      | Reached XP level 1. HP: 18/18 MP: 1/1
   113 | D:1      | Gained mutation: You sometimes gain a little power by
                  | taking damage. [demonic ancestry]
   113 | D:1      | Reached XP level 2. HP: 4/24 MP: 2/2
   114 | D:1      | Quit the game

Illustrated notes

Levels and vault maps discovered:
D:1:      ldierk_walled_garden_2, layout_rooms,
          shapermc_ecumenical_altar_flowoftime

Skill      XL: |  1  2 |
---------------+-------+-----
Axes           | 2 |  2.1
Armour         | 3 |  3.0
Fighting       | |  3.2
Shields        | |  2.9

Action                   || total
-------------------------++-------
Melee: War axe           ||    10
Armor: Scale mail        ||     5
Dodge: Dodged            ||     9
Block: Buckler           ||     5

Table legend: (Time is in decaauts)
 A = Elapsed time spent in this place.
 B = Non-inter-level travel time spent in this place.
 C = Inter-level travel time spent in this place.
 D = Time resting spent in this place.
 E = Time spent auto-exploring this place.
 F = Levels seen in this place.
 G = Mean time per level.
                   A        B        C        D        E       F      G
               +--------+--------+--------+--------+--------+-----+--------+
         Total |    118 |    118 |      0 |      0 |     90 |   1 |  118.0 |
       Dungeon |    118 |    118 |      0 |      0 |     90 |   1 |  118.0 |
               +--------+--------+--------+--------+--------+-----+--------+

Top non-repeatable levels by time:
     D:1: 118 daAuts
